AoeStats
← Red Calypso

Black Forest

504876896Analyzed
3v3 RM · 26d ago on Sep 6, 2026· 44m 24s· 6 players
Game mode
Random Map
Map size
Normal (6 player)
Population
200
Speed
Normal
Resources
Standard
Victory
Conquest
Starting age
Dark Age
Ending age
Imperial Age
RankedLock teamsTeams togetherTeam positionsShared explorationLock speedFull tech treeHidden civsTurbo modeCheats
Victory
Defeat
🇩🇪 Gurjaras · Germany
1408
+14
🇩🇪 Cumans · Germany
1364
+16
🇦🇹 Vietnamese · Austria
1339
+17
🇨🇱 Magyars · Chile
1494
-20
🇨🇱 Turks · Chile
1387
-17
🇨🇱 Bengalis · Chile
1217
-10
AP10
0:25 Loom
2:21 Loom
10:54 Feudal Age
15:16 Castle Age
13:35 Double-Bit Axe
16:51 Scale Barding Armor
17:01 Horse Collar
27:47 Imperial Age
26:57 Wheelbarrow
31:05 Conscription
31:15 Chain Barding Armor
31:53 Bow Saw
33:22 Plate Barding Armor
35:59 Caravan
36:48 Fletching
37:32 Bloodlines
37:22 Husbandry
37:27 Bodkin Arrow
39:17 Elite Magyar Huszar
39:36 Elite Magyar Huszar
43:21 Hand Cart
43:03 Heavy Scorpion
Paillash
2:26 Loom
11:05 Feudal Age
15:07 Castle Age
13:53 Stone Mining
15:04 Double-Bit Axe
15:00 Horse Collar
17:23 Wheelbarrow
32:30 Imperial Age
30:56 Gold Mining
35:58 Bloodlines
35:49 Husbandry
35:56 Scale Barding Armor
36:02 Forging
37:50 Hand Cart
38:45 Iron Casting
39:30 Bombard Tower
41:17 Heavy Plow
Zeldrix
10:50 Feudal Age
14:55 Castle Age
14:41 Double-Bit Axe
15:40 Loom
16:42 Town Watch
18:59 Wheelbarrow
19:28 Horse Collar
20:43 Bow Saw
22:02 Hand Cart
24:56 Heavy Plow
27:48 Imperial Age
26:00 Gold Mining
26:19 Fletching
27:08 Bodkin Arrow
27:35 Ballistics
27:49 Padded Archer Armor
28:38 Bracer
29:05 Town Patrol
29:09 Elite Elephant Archer
30:24 Leather Archer Armor
32:04 Ring Archer Armor
33:51 Chemistry
35:26 Bloodlines
36:30 Gold Shaft Mining
35:47 Stone Mining
36:28 Crop Rotation
41:16 Husbandry
41:23 Scale Barding Armor
41:24 Light Cavalry
43:07 Chain Barding Armor
42:57 Forging
Red Calypso
4:43 Loom
11:52 Feudal Age
15:29 Castle Age
13:35 Double-Bit Axe
17:58 Fletching
19:50 Bow Saw
23:58 Horse Collar
24:42 Heavy Plow
26:56 Wheelbarrow
28:36 Hand Cart
31:45 Imperial Age
29:13 Gold Mining
29:37 Town Watch
30:05 Fortified Wall
29:36 Treadmill Crane
30:20 Stone Mining
31:59 Squires
32:34 Scale Mail Armor
33:19 Forging
35:26 Chemistry
35:52 Two-Man Saw
35:31 Crop Rotation
36:49 Padded Archer Armor
36:48 Bodkin Arrow
36:45 Elite Skirmisher
37:29 Bracer
38:55 Ballistics
38:05 Imperial Skirmisher
39:20 Leather Archer Armor
39:13 Thumb Ring
39:34 Chain Mail Armor
39:54 Iron Casting
38:43 Pikeman
40:06 Leather Archer Armor
41:20 Plate Mail Armor
40:28 Halberdier
41:46 Ring Archer Armor
41:55 Siege Engineers
42:53 Paper Money
44:13 Stone Shaft Mining
44:41 Town Patrol
LukasPlanet
4:45 Loom
11:18 Feudal Age
12:12 Double-Bit Axe
14:55 Castle Age
13:02 Horse Collar
20:39 Wheelbarrow
20:06 Heavy Plow
22:35 Fortified Wall
23:52 Masonry
27:22 Gold Mining
27:23 Stone Mining
29:08 Gold Shaft Mining
29:09 Stone Shaft Mining
34:09 Imperial Age
32:11 Fletching
32:21 Padded Archer Armor
32:54 Ballistics
34:02 Hand Cart
33:59 Bodkin Arrow
34:19 Leather Archer Armor
35:01 Thumb Ring
36:49 Chemistry
36:35 Bracer
38:52 Conscription
37:56 Elite Skirmisher
38:51 Elite Elephant Archer
39:44 Imperial Skirmisher
40:54 Bow Saw
43:14 Caravan
45:13 Conscription
Aremenius
12:13 Feudal Age
17:31 Castle Age
16:30 Double-Bit Axe
16:59 Horse Collar
17:10 Gold Mining
19:26 Bow Saw
20:57 Wheelbarrow
24:39 Town Watch
25:13 Hand Cart
28:58 Imperial Age
26:45 Scale Barding Armor
27:06 Heavy Plow
28:00 Bloodlines
28:11 Chain Barding Armor
29:11 Forging
29:01 Cavalier
30:47 Plate Barding Armor
30:24 Paladin
33:17 Loom
33:36 Fletching
34:22 Iron Casting
34:52 Chemistry
34:51 Elite Skirmisher
36:23 Caravan
36:53 Coinage
36:34 Guilds
36:56 Bodkin Arrow
38:03 Blast Furnace
37:25 Ballistics
38:01 Padded Archer Armor
39:22 Banking
40:40 Leather Archer Armor
41:06 Masonry
Connection lost

Rejoining the realm…

Still unreachable

The connection could not be restored.

Session expired

The server has moved on; the page needs a fresh start.